 Dungeon Crawl Stone Soup version 0.30.0-29-ga12c61a403 (webtiles) character file.

Game seed: 11266116313242922605

16 JanusIIV the Shooter (level 2, -4/17 HPs)
             Began as a Deep Elf Hunter on June 6, 2023.
             Slain by Sigmund
             ... wielding a +0 scythe
              (7 damage)
             ... on level 2 of the Dungeon.
             The game lasted 00:01:14 (524 turns).

JanusIIV the Shooter (Deep Elf Hunter)               Turns: 524, Time: 00:01:15

Health: -4/17      AC:  3    Str:  8    XL:     2   Next: 37%
Magic:  4/4        EV: 12    Int: 13    God:
Gold:   71         SH:  0    Dex: 18    Spells: 1/1 levels left

rFire   . . .        a - +0 shortbow
rCold   . . .        (shield currently unavailable)
rNeg    . . .        c - +0 leather armour
rPois   .            (no helmet)
rElec   .            (no cloak)
rCorr   .            (no gloves)
SInv    .            (no boots)
Will    .....        g - amulet of reflection
Stlth   +            (no ring)
HPRegen 0.22/turn    (no ring)
MPRegen 0.09/turn

%: reflection
@: confused
A: no striking features
a: no special abilities


You were on level 2 of the Dungeon.
You visited 1 branch of the dungeon, and saw 2 of its levels.

You collected 71 gold pieces.

Inventory:

Hand Weapons
 a - a +0 shortbow (weapon)
Armour
 c - a +0 leather armour (worn)
Jewellery
 g - an amulet of reflection (around neck)
Scrolls
 b - a scroll of immolation
 d - a scroll of teleportation {unknown}
 e - 2 scrolls of noise {unknown}
 j - a scroll of torment {unknown}
Potions
 f - 3 potions of curing {unknown}
 h - a potion of heal wounds {unknown}
 i - a potion of brilliance {unknown}
 k - a potion of mutation {unknown}


   Skills:
 + Level 2.1 Fighting
 + Level 5.7 Ranged Weapons
 - Level 2.4 Dodging
 - Level 1.2 Stealth


You had one spell level left.
You didn't know any spells.
Your spell library was empty.

Dungeon Overview and Level Annotations

Branches:
Dungeon (2/15)

Altars:

Annotations:
D:2 Sigmund


Message History

The kobold is severely wounded.
You shoot an arrow. The arrow barely misses the kobold.
You shoot an arrow. The arrow hits the kobold.
You kill the kobold!
Found a hand axe.
Found 5 stones.
You now have 71 gold pieces (gained 13).
Found a faded altar of an unknown god.
Found a whip.
Found a stone staircase leading up.
Found a chain mail.
f - 3 clear potions (gained 1)
There is a stone staircase leading up here.
There is a stone staircase leading up here.
A frilled lizard comes into view.
The frilled lizard hisses angrily.
You shoot an arrow. The arrow hits the frilled lizard.
You kill the frilled lizard!
Sigmund the Dreaded comes into view.
He is wielding a +0 scythe.
You shoot an arrow. The arrow barely misses Sigmund.
Sigmund casts a spell at you.
You are confused.
You are too confused!
You bump into the rock wall.
Sigmund drinks a potion.
Sigmund flickers and vanishes!
Deactivating autopickup; reactivate with Ctrl-A.
Something hits you.
You feel less confused. Something hits you!
Ouch! That really hurt!
* * * LOW HITPOINT WARNING * * *
There is a stone staircase leading up here.
You hear some strange, mumbled words.
Something tries to affect you, but you resist.
Found a stone staircase leading up.
You are confused.
Something hits you.
* * * LOW HITPOINT WARNING * * *
You bump into the rock wall.
Something hits you!
You die...

#.## #.# ####### ######..#
#.# #.....# #.......# #.#
#.###.# #.##.##.# #.###.#
#.### #.#...#.####.....#
#(... #..._.....########
#..## ##.#...#.#.# #..#
####..##.##.#.##########..##
#........{.@...<.........)#.
#.#......#.#####.#######....
#.#.####.#.# ####..#. #[#.#
#...# #.####.....#.
#.#.######.# #............
#..........# ######.###.##
#...######## #.# #... #)..#
#.# #... ######...# #.# #.##


There were no monsters in sight!

Vanquished Creatures
  2 bats (D:1)
  2 endoplasms (D:2)
  A giant cockroach (D:1)
  A quokka (D:1)
  2 ball pythons
  A frilled lizard (D:2)
  2 goblins (D:1)
  3 kobolds
  A rat (D:1)
15 creatures vanquished.

Notes
Turn   | Place    | Note
-------+----------+-------------------------------------------
     0 | D:1      | JanusIIV the Deep Elf Hunter began the quest for the Orb.
     0 | D:1      | Reached XP level 1. HP: 12/12 MP: 3/3
   283 | D:1      | Reached XP level 2. HP: 17/17 MP: 4/4
   461 | D:2      | Found a faded altar of an unknown god.
   492 | D:2      | Noticed Sigmund
   524 | D:2      | Slain by Sigmund

Illustrated notes

Levels and vault maps discovered:
D:1:      mrwooster_arrival_statue_3, layout_rooms
D:2:      layout_loops_ring, ebering_ecumenical_altar_box, uniq_sigmund

Skill      XL: |  1  2 |
---------------+-------+-----
Fighting       | 2 |  2.1
Ranged Weapons | |  5.7
Dodging        | |  2.4
Stealth        | |  1.2

Action                     || total
---------------------------++-------
   Fire: Shortbow          ||    28
  Dodge: Dodged            ||     2
